[Event "Swiss Championship U16 2022"]
[Site "Biel"]
[Date "2022.07.19"]
[Round "3.7"]
[White "Papaux, Steve"]
[Black "Sosnovski, Nikita"]
[Result "1-0"]
[ECO "E06"]
[WhiteElo "2031"]
[BlackElo "1584"]
[Annotator "TA"]
[PlyCount "88"]
[EventDate "2022.07.18"]
[EventType "swiss"]
[EventCountry "SUI"]
[SourceTitle "playchess.com"]
[Source "ChessBase"]
[SourceQuality "1"]
[TimeControl "5400+30"]

1. d4 d5 2. c4 e6 3. Nf3 Nf6 4. g3 c5 5. Bg2 Nc6 6. O-O Be7 7. Nc3 dxc4 8. Qa4 O-O {[%emt 0:02:44] E06: Closed Catalan: Early deviations.} 9. dxc5 Bxc5 10. Qxc4 Be7 {[%emt 0:22:46] White has an edge.} 11. e4 e5 {[%emt 0:00:22] [#]} 12. Rd1 $146 ({Predecessor:} 12. Nd5 Nxd5 13. exd5 Na5 14. Qe4 f5 15. Qxe5 Bf6 16. Qe2 Qxd5 17. Ng5 Qc4 18. Qxc4+ Nxc4 19. Bd5+ Kh8 20. Bxc4 h6 21. Ne6 {1-0 (21) Bubits,B (2137)-Domonkos,N (1747) Miskolc 2011}) 12... Be6 13. Qe2 Qa5 (13... Nd4 14. Nxd4 exd4 15. e5 $16) 14. Bd2 Qc7 15. Nb5 Qb8 16. Na3 Bg4 {[%emt 0:05:31][%cal Be6g4,Bg4h5,Bh5g6][%mdl 32] [#] Strongly threatening ...Bxa3.} (16... Bxa3 $5 17. bxa3 Rd8 $11) 17. Bc3 Bc5 18. h3 Bh5 19. Nc2 b5 20. b4 Bb6 21. g4 Bg6 22. Nh4 a6 23. Nf5 h5 (23... Qc7 $14) 24. Nce3 (24. g5 $16 Nh7 25. h4) 24... Nh7 (24... hxg4 $14 25. hxg4 Bxf5 26. Nxf5 (26. exf5 Nd4 $11) 26... Rd8) 25. gxh5 $18 Bxf5 26. Nxf5 (26. exf5 $6 Nd4 27. Bxd4 Bxd4 $16) 26... Qa7 $2 (26... Kh8 27. a4 (27. Qg4 Rg8 $18) 27... bxa4 28. Rxa4 Qc7) 27. Rd6 Rac8 28. Rad1 Rc7 $2 (28... Kh8 29. R1d3 (29. Qg4 Bxf2+ 30. Kf1 Rg8 $18) 29... Rfd8) 29. Qg4 Bxf2+ 30. Kh1 f6 31. Qg6 Kh8 32. h6 gxh6 33. Nxh6 $2 (33. Qxh6 $18 {is more deadly. And now Rf1 would win.} a5 34. bxa5) 33... Rg7 $16 {[%emt 0:00:13] [#]} 34. Qf5 {[%emt 0:00:01] White is more active.} (34. Qh5 $1 $16 Nd4 35. Bxd4 Bxd4 36. Nf5) 34... Ne7 $11 35. Qh5 Qc7 36. Ba1 (36. R6d3 $11) 36... Ng6 $15 {[%emt 0:00:57] aiming for ...Nf4.} 37. Qf5 ({White should try} 37. Nf5 $15 Nf4 38. Qh6) 37... Nf4 $2 (37... Nh4 $19 38. Qxf2 Rxg2 39. Qxh4 Qc2 40. Nf7+ (40. Ng4 $2 Qxe4 41. Nf2 Qxh4 $19) 40... Rxf7 41. Rd8+ Kg7 42. Bxe5 fxe5) 38. Ng4 Nxg2 39. Kxg2 Be3 {[%emt 0:00:41] ...Qc2+ is the strong threat.} 40. Kf3 (40. Qf3 $142 Qc2+ 41. Kh1) 40... Bd4 $1 $17 41. R6xd4 exd4 42. Bxd4 Qd7 $2 (42... Qc2 $19 43. Nf2 Rfg8) 43. Qxd7 $11 {[%emt 0:00:46] Really sharp!} Rxd7 44. Ke3 Rdf7 {[%emt 0:02:01][%mdl 32768] Weighted Error Value: White=0.59/Black=0.67. Loss on time!?} 1-0

[Event "Swiss Championship U16 2022"]
[Site "Biel"]
[Date "2022.07.19"]
[Round "3.8"]
[White "Gendre, Arthur"]
[Black "Saminskij, David"]
[Result "1/2-1/2"]
[ECO "D55"]
[WhiteElo "1414"]
[BlackElo "1469"]
[Annotator "NA RC COMBH"]
[PlyCount "65"]
[EventDate "2022.07.18"]
[EventType "swiss"]
[EventCountry "SUI"]
[SourceTitle "playchess.com"]
[Source "ChessBase"]
[SourceQuality "1"]
[TimeControl "5400+30"]

1. d4 d5 2. c4 e6 3. Nc3 Nf6 4. Bg5 Be7 5. Nf3 O-O 6. e3 b6 7. cxd5 Nxd5 8. Bxe7 Qxe7 9. Nxd5 exd5 10. Bd3 Bg4 11. h3 Bh5 12. O-O Nd7 13. Rc1 Nf6 14. Qc2 Bxf3 15. gxf3 c5 16. dxc5 Rac8 17. c6 Rfd8 18. Bb5 d4 19. c7 Rd5 20. Ba6 Rc5 21. Bxc8 Rxc2 22. Rxc2 Nd5 23. Rfc1 dxe3 24. Bg4 exf2+ 25. Kxf2 Qe3+ 26. Kg2 Nxc7 27. Rxc7 h5 28. Rc8+ Kh7 29. Bf5+ g6 30. Be4 f5 31. R1c7+ Kh6 32. Rh8+ Kg5 33. Ba8 1/2-1/2

[Event "Swiss Championship U16 2022"]
[Site "Biel"]
[Date "2022.07.19"]
[Round "4.1"]
[White "Zargarov, Mikayel"]
[Black "Gemelli, Romain"]
[Result "1/2-1/2"]
[ECO "E60"]
[WhiteElo "1994"]
[BlackElo "2045"]
[Annotator "NA RC"]
[PlyCount "78"]
[EventDate "2022.07.18"]
[EventType "swiss"]
[EventCountry "SUI"]
[SourceTitle "playchess.com"]
[Source "ChessBase"]
[SourceQuality "1"]
[TimeControl "5400+30"]

1. d4 d6 2. Nf3 g6 3. c4 Nf6 4. Bf4 Bg7 5. h3 c5 6. dxc5 Qa5+ 7. Bd2 Qxc5 8. e3 Ne4 9. Qc1 Nxd2 10. Nbxd2 O-O 11. Bd3 Nd7 12. O-O Ne5 13. Nxe5 Bxe5 14. Rb1 a5 15. Nb3 Qc7 16. Qd2 Bd7 17. Nd4 Bc6 18. b3 Bg7 19. a3 e5 20. Nxc6 bxc6 21. b4 axb4 22. axb4 f5 23. b5 Rfb8 24. Be2 Rb6 25. Rfd1 Bf8 26. Ra1 Rbb8 27. Qb2 Qb6 28. Ra2 e4 29. Rxa8 Rxa8 30. Qf6 Qc7 31. Qb2 Bg7 32. Qb3 c5 33. b6 Qc6 34. b7 Rb8 35. Rb1 Be5 36. Qa3 Kg7 37. Qa7 d5 38. cxd5 Qxd5 39. Rd1 Qc6 1/2-1/2

[Event "Swiss Championship U16 2022"]
[Site "Biel"]
[Date "2022.07.19"]
[Round "4.2"]
[White "Kostov, Kyrill"]
[Black "Kasipour Azbari, Seyed Arvin"]
[Result "1/2-1/2"]
[ECO "B26"]
[WhiteElo "2008"]
[BlackElo "1944"]
[Annotator "TA"]
[PlyCount "69"]
[EventDate "2022.07.18"]
[EventType "swiss"]
[EventCountry "SUI"]
[SourceTitle "playchess.com"]
[Source "ChessBase"]
[SourceQuality "1"]
[TimeControl "5400+30"]

1. e4 c5 2. Nc3 Nc6 3. g3 g6 4. Bg2 Bg7 5. Nge2 d6 6. O-O e6 7. d3 Nge7 8. Be3 Nd4 9. Rb1 Rb8 10. Qd2 O-O 11. Nd1 {[%emt 0:06:57] B26: Closed Sicilian: 3 g3, lines with early Be3.} b5 12. f4 b4 13. Bxd4 (13. Ra1 $15) 13... cxd4 $17 {[%emt 0:03:22] [#]} 14. g4 $146 ({Predecessor:} 14. Nf2 a5 15. a3 Bd7 16. axb4 Rxb4 17. c3 dxc3 18. bxc3 Rb8 19. Rb2 Rxb2 20. Qxb2 {0-1 (50) Dejanovic,T-Schneider,J (1651) Mureck 2012}) 14... f5 15. g5 e5 16. Nf2 Qb6 17. Rbe1 Ba6 18. exf5 (18. Ng3 $17) 18... Nxf5 $19 19. Ng4 {[%emt 0:00:00] [#]} (19. fxe5 $142 Ne3 20. e6) 19... Ne3 $1 20. Nxe3 dxe3 21. Qc1 exf4 22. Rxf4 {[%emt 0:00:00] [#]} Qc5 ({Inferior is} 22... Rxf4 23. Nxf4 Bb7 24. c3 $17) (22... Rfe8 $1 $19 23. Qb1 Qb5) 23. Ref1 (23. d4 $17 {was called for.} Qxg5 24. Qxe3) 23... Qxg5 (23... Rfe8 $19 24. Qe1 Re7) 24. Qxe3 $15 {[%emt 0:00:00] Black must now prevent Rxf8+.} Qe5 25. Qxe5 dxe5 26. Bd5+ Kh8 27. Rf7 Rxf7 28. Rxf7 Rf8 (28... Bh6 $11) 29. Rxa7 $14 {[%emt 0:01:08] White is more active.} Bc8 30. Rf7 ({White should try} 30. Ra8 $14) 30... Rxf7 $11 31. Bxf7 e4 32. dxe4 Bxb2 33. Kg2 Kg7 {[%emt 0:01:08][%mdl 1024] Black has compensation.} 34. Bb3 g5 35. Kf3 {[%emt 0:02:00] Black had all chances to win.  Weighted Error Value: White=0.22 (precise) /Black=0.18 (very precise)} 1/2-1/2

[Event "Swiss Championship U16 2022"]
[Site "Biel"]
[Date "2022.07.19"]
[Round "4.3"]
[White "Erne, Raphael"]
[Black "Doetsch-Thaler, Nicos"]
[Result "1/2-1/2"]
[ECO "A13"]
[WhiteElo "2060"]
[BlackElo "1837"]
[Annotator "NA RC"]
[PlyCount "73"]
[EventDate "2022.07.18"]
[EventType "swiss"]
[EventCountry "SUI"]
[SourceTitle "playchess.com"]
[Source "ChessBase"]
[SourceQuality "1"]
[TimeControl "5400+30"]

1. c4 e6 2. g3 d5 3. Bg2 Nf6 4. Nf3 dxc4 5. Qa4+ Nbd7 6. Qxc4 a6 7. O-O b5 8. Qc2 Bb7 9. b3 c5 10. Bb2 Be7 11. d3 O-O 12. e3 Rc8 13. Qe2 Qb6 14. Nbd2 Rfd8 15. e4 Nb8 16. Rfd1 Nc6 17. Nf1 Rd7 18. Ne3 Nd4 19. Nxd4 cxd4 20. Nc2 Rdd8 21. Rac1 e5 22. f4 Nd7 23. Bh3 exf4 24. gxf4 Qh6 25. Qf3 g5 26. Nxd4 Rxc1 27. Rxc1 Bc5 28. Bxd7 Bxd4+ 29. Bxd4 Rxd7 30. Be5 f6 31. Bb2 gxf4 32. Kh1 Rg7 33. Rf1 Rg3 34. Rg1 Rxg1+ 35. Kxg1 Qg5+ 36. Qg2 Kf7 37. Qxg5 1/2-1/2

[Event "Swiss Championship U16 2022"]
[Site "Biel"]
[Date "2022.07.19"]
[Round "4.4"]
[White "Knapp, Yanik"]
[Black "Papaux, Steve"]
[Result "1/2-1/2"]
[ECO "D36"]
[WhiteElo "1675"]
[BlackElo "2031"]
[Annotator "NA RC"]
[PlyCount "118"]
[EventDate "2022.07.18"]
[EventType "swiss"]
[EventCountry "SUI"]
[SourceTitle "playchess.com"]
[Source "ChessBase"]
[SourceQuality "1"]
[TimeControl "5400+30"]

1. d4 d5 2. c4 e6 3. Nc3 Nf6 4. cxd5 exd5 5. Bg5 Be7 6. e3 O-O 7. Bd3 c6 8. Nge2 Nbd7 9. Qc2 Re8 10. O-O Nf8 11. Rab1 g6 12. b4 Ne6 13. Bh4 Ng7 14. b5 Bf5 15. bxc6 bxc6 16. Rb7 Bxd3 17. Qxd3 Nf5 18. Bg3 Bd6 19. Rc1 Bxg3 20. Nxg3 Nd6 21. Rbb1 h5 22. Nf1 h4 23. h3 g5 24. Nd2 Rc8 25. Na4 g4 26. Nc5 gxh3 27. gxh3 Kh8 28. Kh1 Nfe4 29. Ndxe4 Nxe4 30. Nxe4 Rxe4 31. Qe2 Qg5 32. Rg1 Qf5 33. Kh2 c5 34. Rbc1 c4 35. Rg4 Rxg4 36. hxg4 Qg6 37. Qf3 Rg8 38. Rg1 Qe6 39. Kh3 Rg6 40. Kxh4 f5 41. g5 Qe4+ 42. Qxe4 fxe4 43. Kg4 Ra6 44. Ra1 Kg7 45. Kf5 Rd6 46. a4 Kf7 47. Rb1 Rb6 48. Ra1 a5 49. Ke5 Rb2 50. Kxd5 Rxf2 51. Kxc4 Re2 52. Ra3 Rd2 53. Kd5 Rd3 54. Ra2 Rxe3 55. Rf2+ Kg6 56. Rf4 Kxg5 57. Rxe4 Ra3 58. Kc5 Rxa4 59. Kb6 Kf5 1/2-1/2

[Event "Swiss Championship U16 2022"]
[Site "Biel"]
[Date "2022.07.19"]
[Round "4.5"]
[White "Rotunno, Flavio"]
[Black "Palmonella, Valentin"]
[Result "1-0"]
[ECO "D02"]
[WhiteElo "1901"]
[BlackElo "1778"]
[Annotator "TA"]
[PlyCount "61"]
[EventDate "2022.07.18"]
[EventType "swiss"]
[EventCountry "SUI"]
[SourceTitle "playchess.com"]
[Source "ChessBase"]
[SourceQuality "1"]
[TimeControl "5400+30"]

1. d4 Nf6 2. Nf3 e6 3. Bf4 c5 4. e3 d5 5. c3 Qb6 6. Qb3 c4 7. Qc2 {[%emt 0:02:01] D02: 1 d4 d5 2 Nf3 sidelines, including 2...Nf6 3 g3 and 2...Nf6 3 Bf4.} Qa5 8. Nbd2 Be7 9. Be2 {[%emt 0:05:36] [#] White is better.} O-O $146 ({Predecessor:} 9... Nc6 10. O-O h6 11. h3 b5 12. b3 Qd8 13. a4 cxb3 14. Qxb3 bxa4 15. Rxa4 Bd7 {½-½ (61) Montero Martinez,C (2021)-Lemus Pena,M (1737) Vina del Mar 2022}) 10. e4 ({White should play} 10. O-O $16) 10... dxe4 (10... Nh5 $11 11. Be3 f5) 11. Nxe4 $16 Nxe4 12. Qxe4 Ba3 13. Qc2 $18 (13. Bxc4 Bxb2 14. O-O Bxa1 $11) ({Don't take} 13. Ng5 $6 g6 $16) 13... Be7 14. Bxc4 Nd7 15. Bd3 g6 (15... Nf6 $142 16. O-O Bd7) 16. h4 Nf6 17. Bg5 {[%emt 0:01:20][%cal Oh4h5] And now h5! would win.} Re8 18. Bxf6 (18. Qe2 $18 {is more deadly.}) 18... Bxf6 $16 19. h5 (19. Qb3 $16) 19... Kg7 $2 {[%emt 0:07:52][%mdl 8192] This move loses the game for Black.} (19... e5 $1 $11 {and Black stays safe.}) 20. hxg6 $18 hxg6 21. Qd2 Kf8 $2 (21... e5 22. dxe5 (22. Qh6+ Kg8 $18) 22... Rxe5+ 23. Nxe5 Qxe5+ 24. Qe2 Be6 25. Qxe5 Bxe5) 22. Qf4 Ke7 23. Ne5 Rf8 24. Rh7 Bxe5 25. dxe5 {[%emt 0:00:08] White threatens 0-0-0 and mate.} ({Weaker is} 25. Qxe5 Qxe5+ 26. dxe5 Rg8 $16) 25... Ke8 26. O-O-O {[%emt 0:11:21][%cal Od3g6] Bxg6! would kill now.} Qc5 {[%emt 0:04:37] [#]} 27. Rxf7 $3 Rxf7 28. Bxg6 {[%emt 0:00:04][%csl Gg6][%cal Rf4f7][%mdl 64] Pin} Qe7 29. Bxf7+ Qxf7 {[%emt 0:00:12] [#]} 30. Rd8+ $3 Ke7 (30... Kxd8 31. Qxf7) 31. Qg5+ {[%emt 0:00:05] Weighted Error Value: White=0.23 (precise) /Black=1.37} 1-0

[Event "Swiss Championship U16 2022"]
[Site "Biel"]
[Date "2022.07.19"]
[Round "4.6"]
[White "Schellenberg, Simon"]
[Black "Hirzel, Cedric"]
[Result "1/2-1/2"]
[ECO "A07"]
[WhiteElo "1899"]
[BlackElo "1649"]
[Annotator "NA RC COMBH"]
[PlyCount "145"]
[EventDate "2022.07.18"]
[EventType "swiss"]
[EventCountry "SUI"]
[SourceTitle "playchess.com"]
[Source "ChessBase"]
[SourceQuality "1"]
[TimeControl "5400+30"]

1. Nf3 d5 2. g3 Nf6 3. Bg2 g6 4. O-O Bg7 5. d3 O-O 6. Nbd2 Nbd7 7. e4 dxe4 8. dxe4 c6 9. c3 Qc7 10. Qc2 e5 11. b3 Nb6 12. Bb2 h6 13. Rac1 Be6 14. c4 Nh5 15. c5 Nd7 16. b4 f5 17. Nh4 Kh7 18. exf5 Bxf5 19. Nxf5 gxf5 20. Nc4 Kh8 21. Qe2 Nhf6 22. Nxe5 Nxe5 23. Qxe5 Qxe5 24. Bxe5 Ne4 25. Bxg7+ Kxg7 26. Bxe4 fxe4 27. Rfe1 Rad8 28. Rcd1 Rd5 29. Kf1 Kf6 30. f3 Kg6 31. f4 Kf5 32. h3 Rfd8 33. Ke2 Rd3 34. Rg1 R8d5 35. Rxd3 Rxd3 36. Rg2 Rd4 37. Rf2 Rd3 38. g4+ Kf6 39. h4 Rh3 40. Rg2 Rxh4 41. Ke3 Rh1 42. Kxe4 Re1+ 43. Kd3 Rd1+ 44. Kc2 Ra1 45. g5+ hxg5 46. fxg5+ Kg6 47. Kc3 Rd1 48. Re2 Rd7 49. Re5 Rh7 50. Kd4 Rh4+ 51. Re4 Rh7 52. Ke5 Kxg5 53. Kd6 Rh6+ 54. Kc7 Rh7+ 55. Kb8 Kf5 56. Re8 b6 57. cxb6 axb6 58. Rc8 Rh4 59. a3 c5 60. b5 Ra4 61. Kb7 Ke5 62. Kxb6 c4 63. Kc5 c3 64. b6 Rxa3 65. Kb4 Ra6 66. Kb5 Ra3 67. b7 Rb3+ 68. Ka6 Kd4 69. Rd8+ Ke3 70. Rc8 Kd2 71. Rxc3 Kxc3 72. Ka7 Rxb7+ 73. Kxb7 1/2-1/2

[Event "Swiss Championship U16 2022"]
[Site "Biel"]
[Date "2022.07.19"]
[Round "4.7"]
[White "Kwiatkowski, Jakub"]
[Black "Gendre, Arthur"]
[Result "1-0"]
[ECO "B23"]
[WhiteElo "1770"]
[BlackElo "1414"]
[Annotator "NA RC COMBH"]
[PlyCount "61"]
[EventDate "2022.07.18"]
[EventType "swiss"]
[EventCountry "SUI"]
[SourceTitle "playchess.com"]
[Source "ChessBase"]
[SourceQuality "1"]
[TimeControl "5400+30"]

1. e4 c5 2. Nc3 d6 3. d4 cxd4 4. Qxd4 Nc6 5. Qd2 Nf6 6. b3 e6 7. Bb2 Be7 8. O-O-O O-O 9. Kb1 a6 10. f3 b5 11. g4 e5 12. Nge2 Be6 13. Ng3 Nd4 14. Qe3 Qc7 15. Bd3 Rfb8 16. g5 Nd7 17. Nf5 Bxf5 18. exf5 f6 19. Nd5 Qd8 20. Nxe7+ Qxe7 21. Bxd4 Re8 22. Bb2 d5 23. gxf6 Nxf6 24. Rhe1 e4 25. fxe4 dxe4 26. Bxf6 Qxf6 27. Bxe4 Kh8 28. Bxa8 Rxe3 29. Rxe3 h6 30. Re8+ Kh7 31. Rdd8 1-0

[Event "Swiss Championship U16 2022"]
[Site "Biel"]
[Date "2022.07.19"]
[Round "4.8"]
[White "Saminskij, David"]
[Black "Sosnovski, Nikita"]
[Result "1-0"]
[ECO "B22"]
[WhiteElo "1469"]
[BlackElo "1584"]
[Annotator "NA COMBH"]
[PlyCount "119"]
[EventDate "2022.07.18"]
[EventType "swiss"]
[EventCountry "SUI"]
[SourceTitle "playchess.com"]
[Source "ChessBase"]
[SourceQuality "1"]
[TimeControl "5400+30"]

1. e4 c5 2. Nf3 d6 3. c3 Nf6 4. Be2 Nc6 5. d4 cxd4 6. cxd4 e6 7. Nc3 Be7 8. O-O d5 9. e5 Ne4 10. Bd3 Nxc3 11. bxc3 Bd7 12. Rb1 Qc7 13. Bg5 f6 14. Bf4 f5 15. Bg5 h6 16. Bxe7 Nxe7 17. Qb3 Bc6 18. Rfc1 Rb8 19. c4 Qd7 20. Nd2 O-O 21. cxd5 Nxd5 22. Nc4 Nf4 23. Nd6 Bxg2 24. Bb5 Qe7 25. Qg3 Qg5 26. Rc7 Bd5 27. Qxg5 hxg5 28. Kf1 a6 29. Bc4 Bg2+ 30. Ke1 b5 31. Bb3 a5 32. Re7 Bd5 33. Bxd5 exd5 34. Ra7 a4 35. Ra5 Ne6 36. Raxb5 Rxb5 37. Rxb5 Nxd4 38. Rxd5 Nc6 39. Rc5 Nb4 40. Kd2 Rd8 41. a3 Na6 42. Ra5 Nc7 43. Ke3 f4+ 44. Ke4 Ra8 45. Rxa8+ Nxa8 46. Kf5 Nc7 47. Kxg5 Nd5 48. Ne4 Nb6 49. Kxf4 Nc4 50. Nc3 Nxa3 51. Nxa4 Nb5 52. Nc5 Kf7 53. Ne4 Nd4 54. Ng5+ Kg6 55. Ke4 Nc6 56. f4 Ne7 57. Nf3 Nf5 58. Kd5 Ne3+ 59. Kd6 Nf5+ 60. Kd7 1-0

[Event "Swiss Championship U16 2022"]
[Site "Biel"]
[Date "2022.07.20"]
[Round "5.1"]
[White "Kasipour Azbari, Seyed Arvin"]
[Black "Zargarov, Mikayel"]
[Result "1-0"]
[ECO "B88"]
[WhiteElo "1944"]
[BlackElo "1994"]
[Annotator "TA"]
[PlyCount "39"]
[EventDate "2022.07.18"]
[EventType "swiss"]
[EventCountry "SUI"]
[SourceTitle "playchess.com"]
[Source "ChessBase"]
[SourceQuality "1"]
[TimeControl "5400+30"]

1. e4 c5 2. Nf3 Nc6 3. Bc4 e6 4. O-O a6 5. d4 cxd4 6. Nxd4 d6 7. Nc3 Nf6 8. Kh1 {[%emt 0:02:45] B88: Sicilian: Sozin Attack.} Qc7 {[%emt 0:04:54] [#]} 9. Nxc6 $146 ({Predecessor:} 9. Bb3 Na5 10. f4 b5 11. Qe2 Nxb3 12. axb3 b4 13. Ncb5 Qb7 14. e5 dxe5 15. fxe5 Nd5 16. c4 bxc3 17. Nxc3 {1-0 (39) Khusnutdinov,R (2513)-Lopez Martinez,J (2593) Moscow 2010}) 9... bxc6 10. Qe2 {[%emt 0:03:39] The position is equal.} Be7 11. f4 (11. Bf4 $5 ) 11... d5 12. Bd3 dxe4 (12... O-O $11) 13. Nxe4 $14 O-O 14. Bd2 Ne8 (14... g6 $142) 15. Bc3 $16 f6 {[%emt 0:03:30] Prevents Ng5.} 16. Rae1 {[%emt 0:01:32] 0x0.001e39dafb84dp-1022s more active pieces.} g6 17. Ng3 (17. Bc4 $18) 17... Ng7 {[%emt 0:01:07] Inhibits f5.} 18. f5 g5 {[%emt 0:03:00][%mdl 8192] [#]} (18... Nxf5 $2 19. Nxf5 gxf5 20. Bc4 $18) (18... gxf5 $16 19. Bxf5 Nxf5 20. Nxf5 exf5) 19. fxe6 $18 Bxe6 20. Nh5 {[%emt 0:02:06] Weighted Error Value: White=0.17 (very precise) /Black=0.29 (precise)} 1-0

[Event "Swiss Championship U16 2022"]
[Site "Biel"]
[Date "2022.07.20"]
[Round "5.2"]
[White "Gemelli, Romain"]
[Black "Doetsch-Thaler, Nicos"]
[Result "0-1"]
[ECO "E14"]
[WhiteElo "2045"]
[BlackElo "1837"]
[Annotator "TA"]
[PlyCount "76"]
[EventDate "2022.07.18"]
[EventType "swiss"]
[EventCountry "SUI"]
[SourceTitle "playchess.com"]
[Source "ChessBase"]
[SourceQuality "1"]
[TimeControl "5400+30"]

1. d4 Nf6 2. c4 e6 3. Nf3 Bb4+ 4. Nbd2 b6 5. a3 Bxd2+ 6. Qxd2 Bb7 7. e3 Ne4 8. Qc2 a5 {[%emt 0:10:35] E14: Queen's Indian: Classical Variation (4 e3).} 9. Bd3 f5 10. b3 O-O {[%emt 0:04:56] White is slightly better.} 11. Bb2 d6 12. O-O-O Nd7 13. Ne1 {[%emt 0:06:02] [#]} (13. Rhg1 $5 ) 13... c5 $146 (13... a4 $15 14. b4 Qh4) ({Predecessor:} 13... d5 14. f3 Nef6 15. Rg1 Kf7 16. g4 g6 17. gxf5 exf5 18. Bxf5 gxf5 19. Qxf5 Qe7 {0-1 (88) Wissel,D (1489)-Holst,M (1857) Heusenstamm 2009}) 14. f3 $11 Nef6 15. d5 exd5 16. cxd5 (16. Bxf5 $5 Qe7 17. Nd3 $11) 16... Qe7 (16... Nxd5 $2 17. Bc4 $18) ({Don't play} 16... Bxd5 17. Bxf5 Bf7 18. Rxd6 $16) 17. Bxf5 Qxe3+ 18. Kb1 b5 ({Black should play} 18... a4 $14) 19. Qc3 $2 (19. Be6+ $1 $16 Kh8 20. Bc1) 19... Qxc3 $1 $15 20. Bxc3 b4 21. Be6+ Kh8 22. axb4 axb4 23. Bb2 Nb6 24. Bxf6 gxf6 (24... Rxf6 $15 25. Nc2 Rg6) 25. Nc2 $11 Rfe8 26. Ne3 (26. Kb2 $11 {remains equal.}) 26... Bc8 (26... Ra3 $17 27. Kb2 (27. Kc2 Ra2+ 28. Kb1 Ra3 $17) 27... Na4+ 28. bxa4 Rxe3) 27. Nf5 $2 {[%emt 0:02:01] [#]} (27. Rhe1 $1 $11 {and White has nothing to worry.}) 27... Bxe6 $2 ({Black should try} 27... Nxd5 $1 $19 28. Bxd5 Bxf5+ 29. Be4 Bxe4+ 30. fxe4 Rxe4) 28. dxe6 d5 29. Rhe1 d4 (29... Ra3 $11 {keeps the balance.}) 30. e7 Nd5 31. Re6 $2 {[%emt 0:00:51][%mdl 8192] White does not recover from this.} (31. Kc2 $14) 31... Nc3+ $19 {[%emt 0:01:01] Black is clearly winning.} 32. Kc2 Ra2+ 33. Kd3 {[%emt 0:00:05] Hoping for Rde1.} Nxd1 34. Nd6 Raa8 {[%emt 0:01:06] White must now prevent ...Nf2+.} 35. Kc4 (35. Nxe8 $142 Rxe8 36. Kc4) 35... Nb2+ 36. Kxc5 {[%emt 0:01:00] [#]} d3 $1 {[%emt 0:00:23] Threatens to win with ...d2.} 37. Ne4 f5 38. Nd2 Kg7 {[%emt 0:00:16] Weighted Error Value: White=0.79/Black=0.32} 0-1

[Event "Swiss Championship U16 2022"]
[Site "Biel"]
[Date "2022.07.20"]
[Round "5.3"]
[White "Rotunno, Flavio"]
[Black "Kostov, Kyrill"]
[Result "1-0"]
[ECO "A57"]
[WhiteElo "1901"]
[BlackElo "2008"]
[Annotator "TA"]
[PlyCount "57"]
[EventDate "2022.07.18"]
[EventType "swiss"]
[EventCountry "SUI"]
[SourceTitle "playchess.com"]
[Source "ChessBase"]
[SourceQuality "1"]
[TimeControl "5400+30"]

1. d4 Nf6 2. c4 c5 3. d5 b5 4. cxb5 a6 5. Nc3 axb5 6. e4 b4 7. Nb5 d6 $1 8. a4 {[%emt 0:03:24] A57: Benko/Volga Gambit.} (8. Nf3 $11) 8... Nbd7 (8... Nxe4 $15 9. Bc4 Nf6) 9. Bc4 (9. Qc2 $11) 9... Nb6 (9... Nxe4 $2 10. Qe2 $16) (9... Ne5 $15 10. Be2 Nxe4) 10. Qe2 (10. Bd3 $1 $11) 10... Nxc4 ({Don't take} 10... Rxa4 11. Rxa4 Nxa4 12. e5 $16) 11. Qxc4 {[%emt 0:07:54][%cal Oe4e5] [#]} Nd7 $146 (11... e6 $15) ({Predecessor:} 11... Ba6 12. b3 g6 13. Bb2 Bg7 14. Nf3 O-O 15. O-O Qb6 16. Qe2 Rfe8 17. Nd2 Qb7 {0-1 (34) Haemmerlein,T (2204)-Kalinitschew,S (2476) Berlin 2007}) 12. Nf3 Ba6 (12... g6 $15) 13. Bf4 (13. b3 $11) 13... Qb8 (13... g6 $17 {Hoping for ...Nb6.} 14. b3 Bg7) 14. O-O $14 {[%emt 0:08:44][%cal Oe4e5] Black must now prevent e5!} g6 {[%emt 0:39:27] [#]} (14... f6 $11 {and Black is okay.}) 15. e5 $1 $18 dxe5 {[%emt 0:01:56] [#]} 16. Nxe5 Nxe5 17. Bxe5 Qxe5 18. Rfe1 Qb8 {[%emt 0:01:08][%mdl 8192] This move loses the game for Black.} (18... Qxb2 $2 19. Qxc5 e6 20. Nc7+ Kd7 21. Qc6+ Ke7 22. d6+ Kf6 23. Qxa8 $18) (18... Qd4 $16 19. Qxd4 (19. Nxd4 $2 {is the wrong capture.} Bxc4 20. Rac1 Bg7 $19) 19... cxd4 20. Nc7+ Kd8 21. Nxa8 Bg7) 19. Qxc5 {[%emt 0:10:03] Threatens to win with Nc7+.} Kd8 {[%emt 0:04:14] Against Nc7} 20. d6 e6 21. Qe5 {[%emt 0:04:21] White wants to mate with Qf6+.} Rg8 22. Qf6+ {[%emt 0:00:00] White mates.} Ke8 23. d7+ {[%emt 0:01:43][%mdl 64] Deflection, Decoy} Kxd7 24. Qxf7+ Kc6 25. Rxe6+ Bd6 26. Rc1+ {[%emt 0:00:17][%mdl 64] Deflection} Kb6 27. Nxd6 Ka5 28. Re5+ Kb6 29. a5# {[%emt 0:00:00] Weighted Error Value: White=0.35/Black=0.86} 1-0